 Dungeon Crawl Stone Soup version 0.28.0-47-ge53b351184 (webtiles) character file.

Game seed: 9123692260405509679

1622 Allula97 the Sneak (level 8, -2/90 HPs)
             Began as a Demonspawn Brigand on Apr 28, 2022.
             Succumbed to Edmund's poison
             ... on level 5 of the Dungeon.
             The game lasted 00:24:08 (5560 turns).

Allula97 the Sneak (Demonspawn Brigand)             Turns: 5560, Time: 00:24:09

Health: -2/90      AC: 15    Str: 12      XL:     8   Next: 65%
Magic:  8/8        EV: 12    Int: 12      God:
Gold:   173        SH:  4    Dex: 18 (23) Spells: 7/7 levels left

rFire   . . .      SeeInvis .   a - +2 dagger (protect)
rCold   . . .      Faith    .   (no shield)
rNeg    + . .      Spirit   .   j - +0 ring mail
rPois   .          Reflect  .   (helmet restricted)
rElec   .          Harm     .   c - +0 cloak
rCorr   .          Rampage  .   (no gloves)
Will    .....                   (no boots)
Stlth   ..........              (no amulet)
HPRegen 0.25/turn               o - ring of positive energy
MPRegen 0.22/turn               h - +6 ring of dexterity

@: berserking (expiring), lethally poisoned (-2 -> -24), under a protective
aura, studying Polearms, very quick
A: horns 1, magic regeneration, sharp scales 1, condensation shield
a: no special abilities


You were on level 5 of the Dungeon.
You visited 1 branch of the dungeon, and saw 5 of its levels.

You collected 173 gold pieces.

Inventory:

Hand Weapons
 a - a +2 dagger of protection (weapon)
 l - a +0 long sword
 s - a +0 short sword of draining
Missiles
 d - 4 poisoned darts (quivered)
 e - a curare-tipped dart
 k - a throwing net
Armour
 b - a +0 robe
 c - a +0 cloak (worn)
 j - a +0 ring mail (worn)
Magical Staves
 g - a staff of air
Jewellery
 f - a +4 ring of evasion
 h - a +6 ring of dexterity (right hand)
 o - a ring of positive energy (left hand)
Wands
 m - a wand of paralysis (6)
Scrolls
 t - 3 scrolls of fog
Potions
 n - 2 potions of ambrosia
 p - a potion of attraction


   Skills:
 * Level 4.2 Fighting
 * Level 5.3 Short Blades
 - Level 1.7 Throwing
 * Level 4.7 Armour
 + Level 3.2 Dodging
 * Level 6.1 Stealth
 + Level 2.2 Shields
 + Level 0.3 Unarmed Combat


You had 7 spell levels left.
You didn't know any spells.
Your spell library was empty.

Dungeon Overview and Level Annotations

Branches:
Dungeon (5/15)             Temple (0/1) D:5

Altars:
Kikubaaqudgha
Vehumet

Shops:
D:1 =


Innate Abilities, Weirdness & Mutations

You have a pair of small horns on your head.
You regenerate magic rapidly.
You are partially covered in razor-sharp scales. (AC +1, Slay +1)
A meltable shield of frost defends you. (SH +4)


Message History

Edmund hits you with a +1 flail of venom.
You are more poisoned.
The gnoll barely misses you.
You hit Edmund. You headbutt Edmund, but do no damage.
Edmund is heavily wounded.
You feel very sick.
Edmund hits you with a +1 flail of venom!
You are more poisoned.
The gnoll closely misses you.
It was a potion of berserk rage.
A red film seems to cover your vision as you go berserk!
You feel yourself moving faster!
You feel mighty!
* * * LOW HITPOINT WARNING * * *
You feel extremely sick.
Edmund looks more healthy.
Edmund hits you but does no damage.
You are more poisoned.
The gnoll hits you but does no damage.
You puncture the gnoll!
You kill the gnoll!
* * * LOW HITPOINT WARNING * * *
You feel very sick.
You barely miss Edmund. You headbutt Edmund.
Edmund is severely wounded.
* * * LOW HITPOINT WARNING * * *
You feel very sick. Edmund barely misses you.
You closely miss Edmund. You headbutt Edmund!
Edmund is almost dead.
* * * LOW HITPOINT WARNING * * *
You feel very sick.
You hit Edmund.
You kill Edmund!
* * * LOW HITPOINT WARNING * * *
You feel very sick.
You feel your dexterity returning.
You are too berserk!
* * * LOW HITPOINT WARNING * * *
You feel very sick.
You feel a strong urge to attack something.
You die...

#.# ...
.....#.#.# #.#
.>..###....#.#.#
#.#
....#......#...#
#.#
..............#
#.#
#............#
#.#
..(.........#
#.# #.........#
#.# #(.......@#
# #.#
#..(....))#.##
#.#
#........[...#
#.#
#######...#.##
#.#
..........#...
#.# ####......#
### #.# #.....>+
#.# #.....(# #.#
#......# #.#


There were no monsters in sight!

Vanquished Creatures
  The ghost of kalagan the Conjurer, a novice DECj (D:4)
  Grinder (D:5)
  Edmund (D:5)
  An ice beast (D:4)
  A black bear (D:2)
  2 ogres
  A phantom (D:4)
  A centaur (D:3)
  A scorpion (D:5)
  A water moccasin zombie (D:5)
  A howler monkey (D:5)
  4 quasits (D:4)
  2 hounds
  3 iguanas (D:4)
  A gnoll (D:5)
  4 adders
  A white imp (D:4)
  2 worms (D:3)
  16 dart slugs
  6 orcs
  An endoplasm (D:4)
  2 giant cockroaches
  A goblin (D:3)
  9 hobgoblins
  8 jackals
  7 quokkas
  2 ball pythons (D:4)
  3 bats
  4 frilled lizards
  6 kobolds
  6 rats
100 creatures vanquished.

Notes
Turn   | Place    | Note
-------+----------+-------------------------------------------
     0 | D:1      | Allula97 the Demonspawn Brigand began the quest for the
                  | Orb.
     0 | D:1      | Reached XP level 1. HP: 16/16 MP: 1/1
   106 | D:1      | Found Cawosant's One-of-a-Kind Rings.
   381 | D:1      | Gained mutation: A meltable shield of frost defends you.
                  | (SH +4) [demonic ancestry]
   381 | D:1      | Reached XP level 2. HP: 15/22 MP: 2/2
   544 | D:1      | Reached skill level 4 in Stealth
   940 | D:2      | Noticed a black bear
   960 | D:2      | Killed a black bear
   961 | D:2      | Reached skill level 1 in Armour
   961 | D:2      | Reached skill level 1 in Dodging
   961 | D:2      | Reached XP level 3. HP: 14/28 MP: 3/3
   961 | D:2      | Gained mutation: You regenerate magic rapidly. [demonic
                  | ancestry]
   961 | D:2      | Reached XP level 4. HP: 17/34 MP: 4/4
  1597 | D:2      | Reached XP level 5. HP: 35/39 MP: 5/5
  1847 | D:2      | Found an ancient bone altar of Kikubaaqudgha.
  1977 | D:3      | Reached skill level 5 in Stealth
  3421 | D:3      | Noticed a centaur
  3442 | D:3      | Killed a centaur
  3443 | D:3      | Gained mutation: You are partially covered in razor-sharp
                  | scales. (AC +1, Slay +1) [demonic ancestry]
  3443 | D:3      | Reached XP level 6. HP: 30/46 MP: 6/6
  3716 | D:4      | Found a transporter.
  3717 | D:4      | Noticed kalagan's ghost (novice DECj)
  4528 | D:4      | Noticed an ice beast
  4562 | D:4      | Killed an ice beast
  4563 | D:4      | Gained mutation: You have a pair of small horns on your
                  | head. [demonic ancestry]
  4563 | D:4      | Reached XP level 7. HP: 42/52 MP: 7/7
  4795 | D:4      | Found a transporter.
  4825 | D:4      | Reached skill level 1 in Shields
  4939 | D:4      | Killed kalagan's ghost
  4940 | D:4      | Reached XP level 8. HP: 21/59 MP: 8/8
  5191 | D:5      | Entered Level 5 of the Dungeon
  5195 | D:5      | Found a radiant altar of Vehumet.
  5443 | D:5      | Noticed Grinder
  5465 | D:5      | Paralysed by Grinder for 2 turns
  5475 | D:5      | Reached skill level 5 in Short Blades
  5490 | D:5      | Paralysed by Grinder for 2 turns
  5503 | D:5      | Killed Grinder
  5504 | D:5      | Reached skill level 6 in Stealth
  5529 | D:5      | Found a staircase to the Ecumenical Temple.
  5529 | D:5      | Noticed Edmund
  5558 | D:5      | Killed Edmund
  5559 | D:5      | HP: 2/90 [poisoned by Edmund]
  5560 | D:5      | Succumbed to Edmund's poison

Illustrated notes

Levels and vault maps discovered:
D:1:      dpeg_arrival_houses_and_road, layout_basic, nicolae_shop_unique_rings
D:2:      minmay_alternating_diamond, layout_basic, basic_altar,
          kennysheep_generic_room_15
D:3:      kennysheep_slugbush, layout_loops_corners, minmay_close_crescents
D:4:      layout_basic, gammafunk_ghost_stat_death, minmay_stone_trees_small,
          nicolae_concentric_dashed_squares_wild, palyth_stone_intersect,
          minmay_manual_moon
D:5:      cheibrodos_helix_gallery, layout_basic, old_standard_altar,
          minmay_temple_entry_tees, uniq_edmund, uniq_grinder, uniq_eustachio

Skill      XL: |  1  2  3  4  5  6  7  8 |
---------------+-------------------------+-----
Stealth        | 4 5 6 |  6.1
Short Blades   | 2 3 4 5 |  5.3
Armour         | 1 2 3 4 |  4.7
Dodging        | 1 2 3 |  3.2
Fighting       | 3 4 |  4.2
Shields        | 1 2 |  2.2
Throwing       | |  1.7
Unarmed Combat | |  0.3

Action                   |  1- 3 |  4- 6 |  7- 9 || total
-------------------------+-------+-------+-------++-------
Melee: Dagger            |    36 |   380 |   207 ||   623
       Punch             |     1 |     4 |     4 ||     9
       Headbutt          |       |       |    34 ||    34
Throw: Dart              |     6 |     2 |    13 ||    21
  Use: Potion            |       |     2 |     6 ||     8
       Scroll            |       |     6 |       ||     6
 Stab: Sleeping          |     4 |    14 |     1 ||    19
Armor: Robe              |     6 |     3 |       ||     9
       Ring mail         |       |   111 |   195 ||   306
Dodge: Dodged            |    20 |   160 |   267 ||   447
Block: Other             |     3 |    67 |    70 ||   140
